 Dungeon Crawl Stone Soup version 0.29-a0-824-gd827844252 (webtiles) character file.

Game seed: 9541598776348852786

1774754 sobakacece the Cutthroat (level 27, 180/197 HPs)
             Began as a Kobold Brigand on July 9, 2022.
             Was a High Priest of Wu Jian.
             Escaped with the Orb
             ... and 3 runes on July 11, 2022!
             The game lasted 05:21:55 (57954 turns).

sobakacece the Cutthroat (Kobold Brigand)          Turns: 57954, Time: 05:21:55

Health: 180/197    AC: 17    Str:  7    XL:     27
Magic:  23/23      EV: 33    Int: 26    God:    Wu Jian [*****.]
Gold:   2312       SH: 37    Dex: 36    Spells: 26/26 levels left

rFire   + + .      SeeInvis .   w - +9 quick blade (drain)
rCold   + + .      Faith    .   o - +18 shield of the Gong {rElec rN+ Will+ EV-5}
rNeg    + + +      Spirit   .   K - +2 ring mail {rF+}
rPois   +          Reflect  .   G - +2 helmet {Int+3}
rElec   +          Harm     .   Y - +0 cloak "Lych" {Int+5 Dex+5}
rCorr   +          Rampage  .   O - +2 pair of gloves {Dex+3}
Will    +++++                   s - +2 pair of boots of the Shining Light {Will++ Dex+2}
Stlth   ++++......              f - amulet "Millesie" {Acrobat Regen+}
HPRegen 1.22/turn               t - ring "Wuices" {rPois rN+ Dex+4 Stlth+}
MPRegen 0.18/turn               T - ring of Woxuag {rF+ rC++ rN++ rCorr}

@: studying 3 skills
A: small, no large weapons, nightstalker 3, clever 1, clumsy 2, weak 1
0: Orb of Zot
}: 3/15 runes: decaying, serpentine, slimy
a: Renounce Religion, Wall Jump, Serpent's Lash, Heavenly Storm


You escaped.
You worshipped Wu Jian.
Wu Jian was extremely pleased with you.
You visited 11 branches of the dungeon, and saw 52 of its levels.
You also visited: Sewer, Gauntlet and Volcano.

You collected 7605 gold pieces.
You spent 5293 gold pieces at shops.

Inventory:

Hand Weapons
 b - the +11 dagger of Yredelemnul's Regard {pain, rElec rCorr Dex+4 Stlth+}
   (You bought it in a shop on level 4 of the Dungeon)

   In the hands of one skilled in necromantic magic, it inflicts extra damage on
   living creatures.
   Dex:       It affects your dexterity (+4).
   rElec:     It insulates you from electricity.
   rCorr:     It protects you from acid and corrosion.
   Stlth:     It makes you more stealthy.
 w - a +9 quick blade of draining (weapon)
Missiles
 e - 6 curare-tipped darts (quivered)
 P - 5 throwing nets
Armour
 o - the +18 shield of the Gong (worn) {rElec rN+ Will+ EV-5}
   (You bought it in a shop on level 1 of the Snake Pit)

   It is deafeningly noisy when blocking attacks.
   EV:        It affects your evasion (-5).
   rElec:     It insulates you from electricity.
   rN:        It protects you from negative energy.
   Will:      It increases your willpower.
 s - the +2 pair of boots of the Shining Light (worn) {Will++ Dex+2}
   (You acquired it on level 2 of the Dungeon)

   Dex:       It affects your dexterity (+2).
   Will:      It greatly increases your willpower.
 G - a +2 helmet of intelligence (worn)
 H - a +1 troll leather armour
 K - a +2 ring mail of fire resistance (worn)
 N - a +0 kite shield of reflection
 O - a +2 pair of gloves of dexterity (worn)
 Y - the +0 cloak "Lych" (worn) {Int+5 Dex+5}
   (You found it in a Gauntlet)

   Int:       It affects your intelligence (+5).
   Dex:       It affects your dexterity (+5).
Jewellery
 a - the amulet of the Salamander {Spirit Fly rC+}
   (You took it off a minotaur in a Gauntlet)

   [amulet of guardian spirit]

   It causes incoming damage to be divided between your reserves of health and
   magic.
   rC:        It protects you from cold.
   Fly:       It grants you flight.
 f - the amulet "Millesie" (around neck) {Acrobat Regen+}
   (You acquired it on level 9 of the Dungeon)

   [amulet of the acrobat]

   It increases your evasion while moving and waiting.
   Regen:     It increases your rate of health regeneration.
 i - the ring of Traps {rPois Dex-4 Slay+4 SInv}
   (You found it on level 5 of the Pits of Slime)

   [ring of slaying]

   Dex:       It affects your dexterity (-4).
   Slay:      It affects your accuracy & damage with ranged weapons and melee
   (+4).
   rPois:     It protects you from poison.
   SInv:      It lets you see invisible.
 k - the brooch of Shielding {Spirit SH+8}
   (You found it on level 3 of the Swamp)

   [amulet of guardian spirit]

   It causes incoming damage to be divided between your reserves of health and
   magic.
   SH:        It affects your SH (+8).
 n - a ring of willpower
 t - the ring "Wuices" (left hand) {rPois rN+ Dex+4 Stlth+}
   (You acquired it on level 2 of the Dungeon)

   [ring of positive energy]

   Dex:       It affects your dexterity (+4).
   rPois:     It protects you from poison.
   rN:        It protects you from negative energy.
   Stlth:     It makes you more stealthy.
 C - a ring of protection from fire
 T - the ring of Woxuag (right hand) {rF+ rC++ rN++ rCorr}
   (You bought it in a shop on level 12 of the Dungeon)

   [ring of protection from fire]

   rF:        It protects you from fire.
   rC:        It greatly protects you from cold.
   rN:        It greatly protects you from negative energy.
   rCorr:     It protects you from acid and corrosion.
Wands
 l - a wand of roots (46)
 J - a wand of paralysis (44)
 L - a wand of quicksilver (24)
 S - a wand of flame (33)
 W - a wand of mindburst (25)
 Z - a wand of digging (12)
Scrolls
 q - a scroll of blinking
 v - 2 scrolls of fear
 y - 2 scrolls of enchant weapon
 A - 9 scrolls of immolation
 B - 12 scrolls of teleportation
 F - 4 scrolls of silence
 M - a scroll of summoning
 Q - 9 scrolls of fog
Potions
 d - 5 potions of lignification
 g - 24 potions of curing
 h - 8 potions of magic
 j - 2 potions of haste
 m - 2 potions of heal wounds
 r - 5 potions of might
 x - 3 potions of resistance
 z - a potion of cancellation
 R - 4 potions of invisibility
 U - 2 potions of berserk rage
 X - 2 potions of brilliance
Miscellaneous
 p - a box of beasts
 u - a tin of tremorstones (2/2)
 D - a phial of floods
 E - a condenser vane
 V - a phantom mirror


   Skills:
 + Level 26.6 Fighting
 - Level 26.9(27) Short Blades
 - Level 1.0(12.1) Long Blades
 - Level 2.1 Throwing
 - Level 25.0 Dodging
 + Level 20.2 Stealth
 + Level 16.6 Shields
 - Level 3.4 Necromancy
 - Level 10.0 Evocations


You had 26 spell levels left.
You didn't know any spells.
Your spell library contained the following spells:

 Spells                   Type           Power      Damage    Failure   Level
 Necrotise                Necr           68%        1d7       22%         1
 Vampiric Draining        Necr           17%        2d7       56%         3
 Apportation              Tloc           0%         N/A       67%         1
 Magic Dart               Conj           0%         1d3       67%         1
 Shock                    Conj/Air       0%         1d3       67%         1
 Summon Small Mammal      Summ           0%         N/A       67%         1
 Call Imp                 Summ           0%         N/A       80%         2
 Ensorcelled Hibernation  Hex/Ice        0%         N/A       80%         2
 Passwall                 Tmut/Erth      0%         N/A       80%         2
 Static Discharge         Conj/Air       0%         3-3/arc   80%         2
 Animate Dead             Necr           17%        N/A       92%         4
 Dispel Undead            Necr           17%        3d10      92%         4
 Call Canine Familiar     Summ           0%         N/A       95%         3
 Inner Flame              Hex/Fire       0%         N/A       95%         3
 Mephitic Cloud           Conj/Pois/Air  0%         N/A       95%         3
 Ozocubu's Armour         Ice            0%         N/A       95%         3
 Spider Form              Tmut/Pois      0%         N/A       95%         3
 Summon Guardian Golem    Hex/Summ       0%         N/A       95%         3
 Swiftness                Air            0%         N/A       95%         3
 Anguish                  Hex/Necr       4%         N/A       99%         4
 Airstrike                Air            0%         0-1+      100%        4
 Cause Fear               Hex            0%         N/A       100%        4
 Petrify                  Tmut/Erth      0%         N/A       100%        4
 Sticky Flame             Conj/Fire      0%         2d3       100%        4
 Summon Lightning Spire   Summ/Air       0%         N/A       100%        4
 Blade Hands              Tmut           0%         N/A       100%        5
 Borgnjor's Vile Clutch   Necr/Erth      4%         N/A       100%        5
 Irradiate                Conj/Tmut      0%         3d13      100%        5
 Metabolic Englaciation   Hex/Ice        0%         N/A       100%        5
 Conjure Ball Lightning   Conj/Air       0%         3x3d6     100%        6
 Death Channel            Necr           8%         N/A       100%        6
 Simulacrum               Ice/Necr       4%         N/A       100%        6
 Summon Cactus Giant      Summ           0%         N/A       100%        6
 Dragon Form              Tmut           0%         N/A       100%        7
 Monstrous Menagerie      Summ           0%         N/A       100%        7
 Spellforged Servitor     Conj/Summ      0%         N/A       100%        7
 Storm Form               Tmut/Air       0%         N/A       100%        7
 Discord                  Hex            0%         N/A       100%        8
 Disjunction              Tloc           0%         N/A       100%        8
 Maxwell's Capacitive Co  Air            0%         ∞         100%        8
 Summon Horrible Things   Summ           0%         N/A       100%        8
 Chain Lightning          Conj/Air       0%         N/A       100%        9
 Fire Storm               Conj/Fire      0%         5d1       100%        9
 Shatter                  Erth           0%         3d5*      100%        9


Dungeon Overview and Level Annotations

Branches:
Dungeon (15/15)            Temple (1/1) D:4            Lair (6/6) D:8
  Swamp (4/4) Lair:2        Snake (4/4) Lair:2        Slime (5/5) Lair:6
    Orc (2/2) D:11            Elf (3/3) Orc:2        Vaults (3/5) D:14
  Crypt (0/3) Vaults:3     Depths (4/4) D:15            Zot (5/5) Depths:4
  Sewer (visited)         Volcano (visited)         Gauntlet (visited)

Altars:
Ashenzari
Cheibriados
Dithmenos
Elyvilon
Fedhas
Gozag
Hepliaklqana
Kikubaaqudgha
Makhleb
Nemelex Xobeh
Okawaru
Qazlal
Ru
Sif Muna
Trog
Uskayaw
Vehumet
Wu Jian
Xom
Yredelemnul
Zin
The Shining One
Jiyva
Lugonu

Shops:
D:4 :(   D:12 =   D:14 [   Orc:1 ?   Orc:2 [:((   Elf:1 =(   Snake:1 ((*[
Snake:3 ?   Vaults:1 ([?

Portals:
Hell: Depths:1 Depths:2 Depths:3 Depths:4
Abyss: Slime:3 Depths:3
Pandemonium: Depths:2 Depths:3
Ziggurat: Depths:4

Annotations:
D:12 exclusion: boulder beetle
Lair:3 3 runed translucent doors, Shym's ghost, journeyman GrEE
Lair:4 exclusion: wolf, Rupert
Snake:3 2 transporters
Depths:4 3 runed translucent doors, Puodgh's ghost, adept MfGl
Zot:1 exclusion: downstairs
Zot:3 1 runed translucent door


Innate Abilities, Weirdness & Mutations

You are small and have problems with some larger weapons.
You are completely attuned to the shadows.
Your mind is acute. (Int +4, Str/Dex -1)
You are very clumsy. (Dex -4)
You are weak. (Str -2)


Message History

There is a stone staircase leading up here.
You climb upwards.
There is a stone staircase leading down here.
There's nothing to open nearby.
There is an escape hatch in the ceiling here.
A mysterious force pulls you upwards. The hatch slams shut behind you.
There is a stone staircase leading up here.
You climb upwards.
There is a stone staircase leading down here.
There is a stone staircase leading up here.
You climb upwards.
There is a stone staircase leading down here.
You see here a +0 whip of electrocution.
There is a stone staircase leading up here.
You climb upwards.
There is a stone staircase leading down here.
There is a stone staircase leading up here.
You climb upwards.
There is a stone staircase leading down here.
There is an open door here.
You see here a +0 dagger.
There is an open door here.
There is an open door here.
There is a large open door here.
There is a staircase leading out of the dungeon here.
Okay, then.
Okay, then.
Char dumped successfully.
Okay, then.
Really quaff the potion of mutation?
You feel extremely strange.
Your thinking seems confused.
Your urge to shout disappears.
You feel robust.
You feel frail.
You feel resistant to heat.
You feel robust.
Okay, then.
Really quaff the potion of mutation?
You feel extremely strange.
You no longer feel heat resistant.
Your talons dull and shrink into feet.
Your vision seems duller.
You feel weaker.
You feel clever.
You can't go down here!
You have escaped!

#........#
###########
##.#####.# #.#
#.# #.## #.##
#..# #..##
##.#####..#####
#.#...#..#..[#
#.#...#..#...#
#.#.@.'..'...#
#.#...'..#...#
#.#...####...#
#.#++######'###
#....##..##...##
#..............#
##...##..##....#
###'######'##.#
#...####...#.#


There were no monsters in sight!

Vanquished Creatures
  the Royal Jelly (Slime:5)
  A dread lich (Zot:5)
  2 juggernauts
  Saint Roka (Depths:1)
  3 Killer Klowns
  the Lernaean hydra (Swamp:4)
  Xtahua (Vaults:3)
  A curse toe (Zot:3)
  6 caustic shrikes
  10 golden dragons
  the Enchantress (Depths:2)
  A bone dragon (Depths:4)
  2 doom hounds (Zot:1)
  2 Tzitzimimeh
  6 electric golems
  6 tentacled monstrosities
  Jorgrun (Orc:2)
  2 liches (Depths:4)
  3 deep elf blademasters
  19 Orb Guardians
  Grunn (Zot:1)
  2 quicksilver dragons
  26 acid blobs
  A titan (Depths:1)
  3 deep elf master archers
  5 death cobs
  3 sphinxes
  Agnes (D:14)
  A tengu reaver (Depths:2)
  3 daevas (Depths:3)
  9 storm dragons
  5 shadow dragons
  6 draconian monks
  Donald (Orc:2)
  A fenstrider witch (Swamp:3)
  14 rockslimes
  5 draconian knights
  8 azure jellies
  2 fire giants
  9 frost giants
  4 nagarajas
  2 draconian scorchers
  Louise (Swamp:3)
  4 deep elf sorcerers
  4 orc warlords
  3 balrugs
  A caustic shrike zombie (Depths:3)
  5 vault wardens (Vaults:3)
  Aizul (Vaults:1)
  2 ghost moths
  4 angels (Depths:3)
  2 draconian stormcallers (Zot:1)
  8 deep elf elementalists
  8 draconian shifters
  3 draconian annihilators
  9 stone giants
  2 spriggan defenders
  14 very ugly things
  3 vampire knights
  10 quicksilver oozes
  12 ironbound preservers
  2 ironbound thunderhulks (Vaults:3)
  A reaper (Zot:1)
  10 green draconians
  7 white draconians
  14 dire elephants (Vaults:1)
  7 black draconians
  17 yellow draconians
  7 deep elf annihilators
  5 eleionomae
  A minotaur (Gauntlet)
  3 deep elf demonologists
  15 red draconians
  4 purple draconians
  4 bunyips
  A blizzard demon (Zot:1)
  7 deep elf death magi
  An eidolon (Vaults:3)
  7 ettins
  Snorg (Orc:2)
  2 merfolk impalers
  3 fire dragons
  3 deep elf high priests
  7 great orbs of eyes
  4 vault guards (D:14)
  Fannar (D:10)
  Harold (D:10)
  3 ghost crabs
  3 ogre magi
  3 rakshasas
  The ghost of Azuvok the Carver, a journeyman MfGl of Vehumet (Lair:1)
  8 ice dragons
  5 yaktaur captains
  3 peacekeepers
  5 boulder beetles
  Erolcha (D:11)
  A hell beast (Zot:5)
  A catoblepas (Lair:6)
  3 salamander tyrants (Snake:4)
  26 hydras
  4 spriggan air magi
  2 centaur warriors
  6 ironbound frosthearts
  12 two-headed ogres
  5 anacondas
  24 dancing weapons
  A death knight (D:9)
  6 deep troll shamans
  10 alligators
  14 naga warriors
  16 tengu warriors
  9 death yaks
  A titan zombie (Depths:3)
  2 vampire magi
  4 spriggan berserkers
  An orc high priest (Elf:2)
  5 naga sharpshooters
  6 deep troll earth magi
  3 shock serpents
  A soul eater (Gauntlet)
  19 deep elf knights
  17 hell knights
  Amaemon (Lair:3)
  2 sun demons
  2 sixfirhies
  Nergalle (D:10)
  7 iron trolls
  6 cherubim (Depths:3)
  8 goliath frogs
  57 deep trolls
  4 salamander mystics
  9 ironbound convokers
  2 spriggan druids
  4 glowing orange brains
  6 naga ritualists
  A flayed ghost (Depths:2)
  7 bog bodies
  14 swamp dragons
  7 necromancers
  14 wizards
  11 lindwurms
  9 orc knights
  14 deep elf archers
  33 deep elf pyromancers
  11 mana vipers
  A wolf spider zombie (D:15)
  An orc sorcerer (D:14)
  2 phantasmal warriors (Depths:1)
  16 deep elf zephyrmancers
  2 oklob plants (Zot:1)
  A frost giant zombie (Depths:3)
  28 salamanders
  26 ugly things
  6 cyclopes
  16 moths of wrath
  7 shining eyes
  2 will-o-the-wisps
  2 manticores
  A centaur zombie (D:15)
  An iron dragon skeleton (Depths:3)
  Maurice (D:8)
  5 toenail golems (Volcano)
  11 elephants
  12 guardian serpents
  10 vault sentinels
  22 naga magi
  34 black mambas
  An eye of devastation (Slime:3)
  5 cane toads
  9 yaktaurs
  Maggie (D:8)
  A torpor snail (Lair:6)
  4 rime drakes
  2 orange demons
  An unseen horror (D:12)
  3 tormentors
  A hellwing (Depths:3)
  10 komodo dragons
  A red devil (Depths:2)
  4 tengu conjurers
  An efreet (D:15)
  15 trolls
  13 hornets
  A meliai (D:9)
  10 polar bears (Lair:6)
  A wind drake (shapeshifter) (Elf:3)
  10 tyrant leeches
  20 dream sheep
  3 raiju (Lair:6)
  12 blink frogs
  A centaur simulacrum (D:15)
  90 slime creatures
  A jumping spider (shapeshifter) (D:15)
  11 spriggans
  3 wraiths
  2 shadows
  13 wyverns
  A flying skull (Vaults:3)
  17 water elementals
  5 large abominations (Elf:2)
  7 small abominations (Elf:2)
  A vampire (D:10)
  21 yaks
  4 basilisks
  2 golden eyes (Slime:4)
  4 fire elementals
  2 humans (shapeshifter)
  13 vampire mosquitoes
  A chaos spawn (Depths:3)
  Edmund (D:6)
  A glowing shapeshifter zombie (Depths:3)
  10 wargs
  39 nagas
  13 swamp worms
  14 water moccasins
  4 floating eyes
  15 hell hounds
  4 acid dragons
  2 ice beasts (D:7)
  8 swamp drakes
  A sky beast (shapeshifter) (Depths:4)
  2 sky beasts (D:8)
  32 orc warriors
  A hornet zombie (D:15)
  22 ogres
  12 black bears
  4 boggarts (Vaults:1)
  23 wolves
  4 centaurs
  5 kobold brigands
  An earth elemental (Elf:3)
  13 bullfrogs
  A gnoll sergeant (D:9)
  2 scorpions
  6 wights
  18 killer bees
  6 electric eels
  5 howler monkeys
  2 lava snakes (Snake:3)
  4 hounds
  18 jellies
  17 orc priests
  3 gnoll boudas
  2 iguanas (D:7)
  Terence (D:3)
  23 orc wizards
  Natasha (twice) (D:3)
  19 gnolls
  10 adders
  7 shadow imps
  3 white imps
  8 worms
  3 dart slugs
  93 orcs
  2 bats (D:2)
  14 endoplasms
  4 giant cockroaches
  6 goblins
  6 hobgoblins
  9 jackals
  3 quokkas
  12 ball pythons
  3 frilled lizards (D:1)
  13 kobolds
  3 rats
1968 creatures vanquished.

Vanquished Creatures (collateral kills)
  A manticore (D:9)
  An efreet (D:9)
  A centaur (D:9)
  An orc wizard (D:9)
4 creatures vanquished.

Vanquished Creatures (others)
  A spriggan defender (Depths:2)
  A red draconian (Zot:2)
  An eleionoma (Swamp:3)
  2 alligators
  2 deep elf knights
  A salamander (Snake:3)
  A bloated husk (Swamp:1)
  A tyrant leech (Swamp:1)
  A naga (Snake:4)
  A swamp worm (Swamp:3)
  An orc wizard (Elf:2)
  A white imp (Zot:5)
  15 fungi
  68 plants
97 creatures vanquished.

Grand Total: 2069 creatures vanquished

Notes
Turn   | Place    | Note
-------+----------+-------------------------------------------
     0 | D:1      | sobakacece the Kobold Brigand began the quest for the Orb.
     0 | D:1      | Reached XP level 1. HP: 12/12 MP: 1/1
    74 | D:1      | Reached XP level 2. HP: 17/17 MP: 2/2
   445 | D:1      | Reached XP level 3. HP: 21/21 MP: 3/3
   622 | D:1      | Found a faded altar of an unknown god.
   809 | D:2      | Reached skill level 5 in Short Blades
  1069 | D:2      | Reached XP level 4. HP: 26/26 MP: 4/4
  1509 | D:2      | Identified 3 scrolls of acquirement
  1510 | D:2      | Acquired the +2 pair of boots of the Shining Light {Will++
                  | Dex+2}
  1512 | D:2      | Acquired the ring "Wuices" {rPois rN+ Dex+4 Stlth+}
  1988 | D:3      | Noticed Natasha
  1990 | D:3      | Killed Natasha
  1991 | D:3      | Reached XP level 5. HP: 30/30 MP: 5/5
  2487 | D:3      | Reached XP level 6. HP: 29/35 MP: 6/6
  2801 | D:3      | Noticed Natasha
  2816 | D:3      | Killed Natasha
  3000 | D:3      | Noticed Terence
  3004 | D:3      | Killed Terence
  3337 | D:4      | Found a staircase to the Ecumenical Temple.
  3343 | Temple   | Entered the Ecumenical Temple
  3665 | Temple   | Became a worshipper of the Wu Jian Council
  3831 | D:4      | Found a glowing silver altar of Zin.
  3861 | D:4      | Found Waomyegh's Book Shoppe.
  3961 | D:4      | Found Uciaguse's Antique Weapon Emporium.
  3967 | D:4      | Bought a crystal dagger for 154 gold pieces
  3967 | D:4      | Identified the +11 dagger of Yredelemnul's Regard {pain,
                  | rElec rCorr Dex+4 Stlth+} (You bought it in a shop on level
                  | 4 of the Dungeon)
  4181 | D:5      | Entered Level 5 of the Dungeon
  4296 | D:5      | Reached XP level 7. HP: 40/40 MP: 7/7
  4310 | D:5      | Found a glowing drain.
  4316 | Sewer    | Entered a sewer
  4531 | Sewer    | Reached skill level 10 in Short Blades
  4587 | Sewer    | Reached * piety under Wu Jian
  5066 | D:5      | Reached XP level 8. HP: 44/44 MP: 8/8
  5547 | D:6      | Noticed Edmund
  5551 | D:6      | Reached ** piety under Wu Jian
  5573 | D:6      | Killed Edmund
  6186 | D:6      | Found an opulent altar of Gozag.
  6320 | D:6      | Reached skill level 5 in Dodging
  6435 | D:6      | Reached XP level 9. HP: 48/48 MP: 9/9
  6515 | D:7      | Noticed a two-headed ogre
  6519 | D:7      | Killed a two-headed ogre
  6729 | D:7      | Found a hide-covered altar of Uskayaw.
  6735 | D:7      | Reached skill level 10 in Dodging
  6874 | D:7      | Found a broken altar of Ashenzari.
  7168 | D:7      | Found a stormy altar of Qazlal.
  7272 | D:7      | Found a shadowy altar of Dithmenos.
  7349 | D:8      | Reached XP level 10. HP: 53/53 MP: 10/10
  7602 | D:8      | Found a staircase to the Lair.
  7664 | D:8      | Reached *** piety under Wu Jian
  7784 | D:8      | Noticed Maggie
  8187 | D:8      | Reached skill level 5 in Fighting
  8212 | D:8      | You fall into a shaft and drop 1 floor!
  8317 | D:9      | Noticed a manticore
  8332 | D:9      | Killed a manticore
  8616 | D:9      | Noticed a two-headed ogre
  8624 | D:9      | Killed a two-headed ogre
  8625 | D:9      | Reached XP level 11. HP: 71/71 MP: 11/11
  8819 | D:9      | Noticed a two-headed ogre
  8820 | D:9      | Reached skill level 10 in Fighting
  8827 | D:9      | Killed a two-headed ogre
  8873 | D:9      | Noticed a cyclops
  8876 | D:9      | Killed a cyclops
  8891 | D:9      | Noticed a death knight
  8894 | D:9      | Killed a death knight
  8894 | D:9      | Reached **** piety under Wu Jian
  8895 | D:9      | Reached skill level 1 in Evocations
  9294 | D:9      | Acquired a manual of Necromancy
  9296 | D:9      | Acquired the amulet "Millesie" {Acrobat Regen+}
  9331 | D:10     | Entered Level 10 of the Dungeon
  9406 | D:10     | Noticed Fannar
  9410 | D:10     | Killed Fannar
  9422 | D:10     | Noticed Nergalle
  9426 | D:10     | Killed Nergalle
  9427 | D:10     | Reached XP level 12. HP: 81/81 MP: 12/12
  9435 | D:10     | Noticed Harold
  9463 | D:10     | Killed Harold
  9464 | D:10     | Reached skill level 5 in Evocations
  9821 | D:10     | Noticed an ogre mage
  9824 | D:10     | Killed an ogre mage
  9827 | D:10     | Identified the +6 morningstar "Yfauseg" {antimagic, rC+
                  | Str+3}
 10378 | D:11     | Noticed Erolcha
 10387 | D:11     | Killed Erolcha
 10571 | D:11     | Reached ***** piety under Wu Jian
 10605 | D:11     | Noticed a two-headed ogre
 10608 | D:11     | Killed a two-headed ogre
 10715 | D:11     | Found a staircase to the Orcish Mines.
 10984 | D:11     | Reached XP level 13. HP: 86/86 MP: 13/13
 11224 | D:12     | Noticed a four-headed hydra
 11224 | D:12     | Noticed an eight-headed hydra
 11267 | D:11     | Killed an eight-headed hydra
 11268 | D:11     | Reached skill level 10 in Evocations
 11290 | D:12     | Killed a four-headed hydra
 11291 | D:12     | Reached skill level 15 in Dodging
 11485 | D:12     | Noticed a boulder beetle
 11626 | D:12     | Noticed a seven-headed hydra
 11628 | D:12     | Killed a seven-headed hydra
 11759 | D:12     | Found Apyogej's Jewellery Boutique.
 11765 | D:12     | Bought the ring of Woxuag {rF+ rC++ rN++ rCorr} for 984
                  | gold pieces
 12153 | D:12     | Noticed a four-headed hydra
 12158 | D:12     | Killed a four-headed hydra
 12406 | D:13     | Noticed a boulder beetle
 12411 | D:13     | Killed a boulder beetle
 12562 | D:13     | Noticed an eight-headed hydra
 12575 | D:13     | Killed an eight-headed hydra
 12730 | D:13     | Noticed a boulder beetle
 12735 | D:13     | Killed a boulder beetle
 12736 | D:13     | Reached skill level 15 in Fighting
 12860 | D:13     | Reached ****** piety under Wu Jian
 12962 | D:13     | Reached XP level 14. HP: 85/98 MP: 14/14
 13499 | D:14     | Found Bigicvus's Armour Shop.
 13504 | D:14     | Bought a +1 buckler of cold resistance for 181 gold pieces
 13537 | D:14     | Found a gate leading to a gauntlet.
 13543 | Gauntlet | Entered a Gauntlet
 13543 | Gauntlet | Found a transporter.
 13546 | Gauntlet | Found a transporter.
 13556 | Gauntlet | Found a runed translucent gate.
 13565 | Gauntlet | Found a transporter.
 13577 | Gauntlet | Found a transporter.
 13586 | Gauntlet | Noticed a balrug
 13595 | Gauntlet | Found a transporter.
 13604 | Gauntlet | Noticed a reaper
 13605 | Gauntlet | Found a transporter.
 13615 | Gauntlet | Found a transporter.
 13633 | Gauntlet | Found a transporter.
 13652 | Gauntlet | Found a transporter.
 13656 | Gauntlet | Found a runed translucent door.
 13664 | Gauntlet | Found a transporter.
 13678 | Gauntlet | Found a runed translucent door.
 13698 | Gauntlet | Found a runed translucent gate.
 13700 | Gauntlet | Found a transporter.
 13730 | Gauntlet | Found a runed translucent gate.
 14043 | Gauntlet | Identified the +4 dagger of Righteous Fury {vorpal, Int+4}
 14059 | Gauntlet | Found a transporter.
 14064 | Gauntlet | Found a transporter.
 14066 | Gauntlet | Found a transporter.
 14092 | Gauntlet | Identified the +0 cloak "Lych" {Int+5 Dex+5}
 14140 | Gauntlet | Killed a balrug
 14248 | Gauntlet | Identified the +1 morningstar of Foolhardiness {holy, Will+
                  | Int+4}
 14248 | Gauntlet | Identified the amulet of the Salamander {Spirit Fly rC+}
 14248 | Gauntlet | Noticed a minotaur
 14255 | Gauntlet | Killed a minotaur
 14261 | Gauntlet | Identified the +1 leather armour of Spite {Harm rC++ Regen+
                  | rCorr Int-2}
 14739 | D:8      | Killed Maggie
 14920 | D:8      | Noticed Maurice
 14950 | D:8      | Killed Maurice
 15296 | Lair:1   | Entered Level 1 of the Lair of Beasts
 15296 | Lair:1   | Found a runed translucent gate.
 15296 | Lair:1   | Found a runed translucent gate.
 15296 | Lair:1   | Found a runed translucent gate.
 16106 | Lair:1   | Noticed Azuvok's ghost (journeyman MfGl)
 16321 | Lair:1   | Killed Azuvok's ghost
 16420 | Lair:2   | Found a staircase to the Swamp.
 16552 | Lair:2   | Found a staircase to the Snake Pit.
 17252 | Lair:3   | Found a dark tunnel.
 17274 | Volcano  | Entered a volcano
 17395 | Volcano  | Reached XP level 15. HP: 108/108 MP: 15/15
 17881 | Lair:3   | Noticed Amaemon
 17892 | Lair:3   | Killed Amaemon
 17917 | Lair:3   | Found a runed translucent gate.
 17918 | Lair:3   | Found a runed translucent gate.
 17918 | Lair:3   | Noticed Shym's ghost (journeyman GrEE)
 17930 | Lair:3   | Found a runed translucent gate.
 18793 | Lair:4   | Noticed Rupert
 18956 | Lair:4   | Reached skill level 15 in Short Blades
 20191 | Lair:6   | Entered Level 6 of the Lair of Beasts
 20389 | Lair:6   | Found a staircase to the Slime Pits.
 20839 | Lair:6   | Reached XP level 16. HP: 117/117 MP: 16/16
 21417 | Orc:1    | Entered Level 1 of the Orcish Mines
 21515 | Orc:1    | Found Osucaiph's Magic Scroll Shoppe.
 21859 | Orc:2    | Entered Level 2 of the Orcish Mines
 21859 | Orc:2    | Noticed Jorgrun
 21929 | Orc:2    | Killed Jorgrun
 21958 | Orc:2    | Noticed Snorg
 21979 | Orc:2    | Killed Snorg
 22004 | Orc:2    | Found Rasetick's Armour Boutique.
 22031 | Orc:2    | Found Toaxucsu's Book Shop.
 22040 | Orc:2    | Found Ceal's Antique Weapon Emporium.
 22045 | Orc:2    | Found Ucseziu's Weapon Boutique.
 22229 | Orc:2    | Noticed Donald
 22262 | Orc:2    | Killed Donald
 22630 | Orc:2    | Found a staircase to the Elven Halls.
 23815 | D:14     | Reached skill level 1 in Shields
 23827 | D:14     | Found a gate to the Vaults.
 23983 | D:14     | Noticed Agnes
 23985 | D:14     | Killed Agnes
 24091 | D:15     | Entered Level 15 of the Dungeon
 24226 | D:15     | Found a radiant altar of Vehumet.
 24321 | D:15     | Reached XP level 17. HP: 124/124 MP: 17/17
 24682 | D:15     | Found a staircase to the Depths.
 25262 | Snake:1  | Entered Level 1 of the Snake Pit
 25358 | Snake:1  | Reached skill level 10 in Stealth
 25382 | Snake:1  | Found Fienisir's Antique Armour Shop.
 25387 | Snake:1  | Found Sirphiza's General Store.
 25387 | Snake:1  | Found Cicuraku's Antique Weapon Boutique.
 25392 | Snake:1  | Found Neejorol's Antique Weapon Boutique.
 25611 | Snake:1  | Reached skill level 5 in Shields
 25963 | Snake:1  | Bought a steaming ring mail for 270 gold pieces
 25963 | Snake:1  | Identified the +0 ring mail of Yrib {rCorr} (You bought it
                  | in a shop on level 1 of the Snake Pit)
 27404 | Snake:3  | Reached XP level 18. HP: 121/130 MP: 18/18
 27581 | Snake:3  | Found a transporter.
 27768 | Snake:3  | Found Eweid's Magic Scroll Boutique.
 27821 | Snake:3  | Identified the +1 plate armour of the Bull {rF+ Stlth+}
 27887 | Snake:3  | Found a transporter.
 27940 | Snake:4  | Entered Level 4 of the Snake Pit
 28099 | Snake:4  | Reached skill level 15 in Stealth
 28115 | Snake:4  | Got a serpentine rune of Zot
 29329 | Swamp:1  | Entered Level 1 of the Swamp
 29704 | Swamp:1  | Paralysed by a hornet for 3 turns
 29799 | Swamp:1  | Reached XP level 19. HP: 137/137 MP: 19/19
 29809 | Swamp:1  | Got the Reference Book on Command
 29985 | Swamp:2  | Reached skill level 10 in Shields
 30457 | Swamp:3  | Identified the +7 long sword of Fate {freeze, +Blink Str+7
                  | Stlth-}
 30537 | Swamp:3  | Found the brooch of Shielding {Spirit SH+8}
 30598 | Swamp:3  | Noticed Louise
 30600 | Swamp:3  | Killed Louise
 31026 | Swamp:4  | Entered Level 4 of the Swamp
 31097 | Swamp:4  | Noticed a tentacled monstrosity
 31099 | Swamp:4  | Killed a tentacled monstrosity
 31195 | Swamp:4  | Noticed the 27-headed Lernaean hydra
 31198 | Swamp:4  | Killed the 27-headed Lernaean hydra
 31223 | Swamp:4  | Got a decaying rune of Zot
 31647 | Swamp:4  | Reached skill level 1 in Long Blades
 32307 | Vaults:1 | Entered Level 1 of the Vaults
 32342 | Vaults:1 | Found Zybooc's Armour Shop.
 32646 | Vaults:1 | Reached XP level 20. HP: 150/150 MP: 20/20
 32943 | Vaults:1 | Noticed Aizul
 32944 | Vaults:1 | Killed Aizul
 32957 | Vaults:1 | Found Kesmu's Magic Scroll Emporium.
 32963 | Vaults:1 | Bought a scroll of magic mapping for 56 gold pieces
 33223 | Vaults:1 | Identified the +5 arbalest "Raecvuom" {elec, rN+}
 33573 | Vaults:1 | Found Xyfat's Antique Weapon Boutique.
 33959 | Vaults:2 | You fall into a shaft and drop 1 floor!
 34776 | Vaults:2 | Reached XP level 21. HP: 158/158 MP: 21/21
 35051 | Vaults:3 | Found a staircase to the Crypt.
 35144 | Vaults:3 | Noticed Xtahua
 35149 | Vaults:3 | Killed Xtahua
 35855 | Vaults:3 | Found the +3 pair of seven-league boots {Rampage+∞}
 36593 | Slime:1  | Entered Level 1 of the Pits of Slime
 37915 | Slime:3  | Found a one-way gate to the infinite horrors of the Abyss.
 37918 | Slime:3  | Found a corrupted altar of Lugonu.
 38325 | Slime:4  | Reached XP level 22. HP: 164/164 MP: 22/22
 38393 | Slime:4  | Gained mutation: You do not regenerate when monsters are
                  | visible. [a shining eye]
 38909 | Slime:5  | Entered Level 5 of the Pits of Slime
 38928 | Slime:5  | Noticed the Royal Jelly
 38929 | Slime:5  | Found a viscous altar of Jiyva.
 38970 | Slime:5  | Killed the Royal Jelly
 39023 | Slime:4  | Lost mutation: You do not regenerate when monsters are
                  | visible. [potion of mutation]
 39023 | Slime:4  | Gained mutation: You are clumsy. (Dex -2) [potion of
                  | mutation]
 39023 | Slime:4  | Gained mutation: You have sharp toenails. [potion of
                  | mutation]
 39275 | Slime:5  | Gained mutation: You are very clumsy. (Dex -4) [a shining
                  | eye]
 39365 | Slime:5  | Found the +9 staff of Olgreb {rPois∞}
 39412 | Slime:5  | Identified the ring of Traps {rPois Dex-4 Slay+4 SInv}
 39416 | Slime:5  | Got a slimy rune of Zot
 39419 | Slime:5  | Identified the ring "Siomintu" {rC++ rN+ rCorr Int+2 Dex-2}
 39425 | Slime:5  | Identified the +0 scale mail of Xom's Grace {rF+ rN+ MP+9
                  | Str-4}
 39527 | Slime:5  | Identified the +5 great mace of the Singing Gods {pain, rF-
                  | rC+ Int+3}
 40005 | Snake:1  | Bought the +18 shield of the Gong {rElec rN+ Will+ EV-5}
                  | for 2919 gold pieces
 40005 | Snake:1  | Found the +18 shield of the Gong {rElec rN+ Will+ EV-5}
 40016 | Snake:1  | Acquired a +5 quick blade
 40350 | Depths:1 | Entered Level 1 of the Depths
 41166 | Depths:1 | Found a gateway to Hell.
 41171 | Depths:1 | Noticed Saint Roka
 41238 | Depths:1 | Killed Saint Roka
 42345 | Snake:3  | Bought a scroll of teleportation for 45 gold pieces
 42345 | Snake:3  | Bought a scroll of enchant weapon for 112 gold pieces
 42345 | Snake:3  | Bought a scroll of brand weapon for 300 gold pieces
 42577 | Orc:1    | Bought a scroll of blinking for 97 gold pieces
 42577 | Orc:1    | Bought a scroll of teleportation for 39 gold pieces
 42577 | Orc:1    | Bought a scroll of teleportation for 39 gold pieces
 42577 | Orc:1    | Bought a scroll of blinking for 97 gold pieces
 42852 | Depths:2 | Noticed the Enchantress
 43043 | Depths:2 | Reached XP level 23. HP: 142/170 MP: 18/23
 43601 | Elf:1    | Entered Level 1 of the Elven Halls
 43794 | Elf:1    | Got the Quarto of the Flock
 43942 | Elf:1    | Found a radiant altar of Vehumet.
 43994 | Elf:1    | Found Goeneske's Weapon Boutique.
 43995 | Elf:1    | Found Caur's Jewellery Boutique.
 44544 | Elf:2    | Identified the +0 scale mail of Raufism {Dex+3}
 44610 | Elf:2    | Found an ancient bone altar of Kikubaaqudgha.
 44971 | Elf:2    | Found a crumbling gateway.
 45100 | Elf:2    | Identified the +0 pair of gloves of Wariness {rCorr}
 45148 | Elf:2    | Found a runed translucent gate.
 45148 | Elf:2    | Found a runed translucent gate.
 45148 | Elf:2    | Found a runed translucent gate.
 45806 | Elf:3    | Entered Level 3 of the Elven Halls
 46442 | Elf:3    | Identified the ring of Ischoz {rElec Dex+6}
 46468 | Elf:3    | Got the Catalogue of Abstinence
 46470 | Elf:3    | Identified the +2 quick blade "Zuel" {elec, rC- Str+3}
 46625 | Elf:3    | Reached XP level 24. HP: 176/176 MP: 23/23
 46627 | Elf:3    | Identified the amulet "Zelak" {Acrobat +Blink rElec Str+4
                  | Dex-5}
 46639 | Elf:3    | Identified the +3 scale mail "Poumes" {Rampage rElec Str+2
                  | Stlth-}
 46639 | Elf:3    | Identified the amulet of Accord {Regen+ SInv}
 46832 | Elf:3    | HP: 2/176 [Brimstone Fiend/damnation[a deep elf
                  | demonologist] (48)]
 47270 | Elf:3    | Identified the +7 shortbow of Painful Death {flame, rF- rC+
                  | Dex+4 SInv}
 47376 | Elf:3    | Identified the ring "Siuggell" {Ice rElec rPois Int+2
                  | Stlth+}
 48014 | Depths:2 | Identified the +1 chain mail "Nydacwuz" {-Cast Rampage
                  | +Blink SInv}
 48551 | Depths:2 | Killed the Enchantress
 48656 | Depths:2 | Found a one-way gate leading to the halls of Pandemonium.
 48767 | Depths:2 | Found a sparkling altar of Nemelex Xobeh.
 49704 | Depths:3 | Identified the +8 trident "Keuxtan" {vamp, *Corrode rC+
                  | rN+}
 50167 | Depths:3 | Identified the +11 sling of the Wonderful God {venom,
                  | rPois}
 50255 | Depths:3 | Found a glowing silver altar of Zin.
 50674 | Depths:4 | Entered Level 4 of the Depths
 50674 | Depths:4 | Noticed a caustic shrike
 50674 | Depths:4 | Noticed a caustic shrike
 50674 | Depths:4 | Noticed a caustic shrike
 50675 | Depths:4 | Killed a caustic shrike
 50676 | Depths:4 | Killed a caustic shrike
 50678 | Depths:4 | Noticed a juggernaut
 50678 | Depths:4 | Killed a caustic shrike
 50679 | Depths:4 | Reached XP level 25. HP: 182/182 MP: 23/23
 50680 | Depths:4 | Killed a juggernaut
 50707 | Depths:4 | Found a one-way gateway to a ziggurat.
 50741 | Depths:4 | Noticed a caustic shrike
 50741 | Depths:4 | Noticed a caustic shrike
 50741 | Depths:4 | Noticed a caustic shrike
 50743 | Depths:4 | Killed a caustic shrike
 50744 | Depths:4 | Killed a caustic shrike
 50746 | Depths:4 | Noticed a juggernaut
 50783 | Depths:3 | Killed a caustic shrike
 50789 | Depths:3 | Killed a juggernaut
 51380 | Depths:4 | Paralysed by a floating eye for 3 turns
 51398 | Depths:4 | Paralysed by a floating eye for 2 turns
 51486 | Depths:4 | Found a runed translucent gate.
 51487 | Depths:4 | Found a runed translucent gate.
 51487 | Depths:4 | Noticed Puodgh's ghost (adept MfGl)
 51488 | Depths:4 | Found a runed translucent gate.
 51566 | Depths:4 | Found a gate to the Realm of Zot.
 51668 | Zot:1    | Entered Level 1 of the Realm of Zot
 52250 | Zot:1    | Noticed Grunn
 52253 | Zot:1    | Killed Grunn
 53986 | Zot:1    | Reached XP level 26. HP: 179/189 MP: 23/23
 54805 | Zot:2    | Reached skill level 15 in Shields
 55137 | Zot:3    | Noticed a Killer Klown
 55145 | Zot:3    | Noticed a Killer Klown
 55159 | Zot:3    | Killed a Killer Klown
 55195 | Zot:3    | Killed a Killer Klown
 55456 | Zot:3    | Noticed a curse toe
 55478 | Zot:3    | Killed a curse toe
 55670 | Zot:3    | Found a runed translucent door.
 55949 | Zot:4    | Noticed a Killer Klown
 55952 | Zot:4    | Killed a Killer Klown
 55964 | Zot:4    | Noticed an orb of fire
 55969 | Zot:4    | Gained mutation: You occasionally shout uncontrollably at
                  | your foes. [an orb of fire]
 55975 | Zot:4    | Gained mutation: You possess an exceptional clarity of
                  | mind. [an orb of fire]
 55979 | Zot:4    | Gained mutation: You are frail. (-10% HP) [an orb of fire]
 56088 | Zot:5    | Entered Level 5 of the Realm of Zot
 56732 | Zot:5    | Reached XP level 27. HP: 88/176 MP: 23/23
 57141 | Zot:5    | Noticed an ancient lich
 57141 | Zot:5    | Noticed a dread lich
 57141 | Zot:5    | Noticed a Killer Klown
 57143 | Zot:5    | Noticed a juggernaut
 57143 | Zot:5    | a Killer Klown changed into a juggernaut
 57144 | Zot:5    | Noticed an orb of fire
 57144 | Zot:5    | Noticed a dread lich
 57226 | Zot:5    | Noticed a Killer Klown
 57237 | Zot:5    | Noticed a Killer Klown
 57238 | Zot:5    | Noticed a dread lich
 57239 | Zot:5    | Noticed an orb of fire
 57239 | Zot:5    | Killed a dread lich
 57252 | Zot:5    | Noticed an ancient lich
 57257 | Zot:5    | Noticed a dread lich
 57264 | Zot:5    | Got the Orb of Zot
 57357 | Zot:5    | Noticed Buruc Famm the pandemonium lord
 57715 | D:11     | Gained mutation: You have supernaturally acute eyesight.
                  | (SInv) [a neqoxec]
 57951 | D:1      | Lost mutation: You possess an exceptional clarity of mind.
                  | [potion of mutation]
 57951 | D:1      | Lost mutation: You occasionally shout uncontrollably at
                  | your foes. [potion of mutation]
 57951 | D:1      | Lost mutation: You are frail. (-10% HP) [potion of
                  | mutation]
 57951 | D:1      | Gained mutation: You are frail. (-10% HP) [potion of
                  | mutation]
 57951 | D:1      | Gained mutation: Your flesh is heat resistant. (rF+)
                  | [potion of mutation]
 57951 | D:1      | Lost mutation: You are frail. (-10% HP) [potion of
                  | mutation]
 57952 | D:1      | Lost mutation: Your flesh is heat resistant. (rF+) [potion
                  | of mutation]
 57952 | D:1      | Lost mutation: You have sharp toenails. [potion of
                  | mutation]
 57952 | D:1      | Lost mutation: You have supernaturally acute eyesight.
                  | (SInv) [potion of mutation]
 57952 | D:1      | Gained mutation: You are weak. (Str -2) [potion of
                  | mutation]
 57952 | D:1      | Gained mutation: Your mind is acute. (Int +4, Str/Dex -1)
                  | [potion of mutation]
 57954 | D:$      | Escaped with the Orb!

Illustrated notes

Levels and vault maps discovered:
D:1:      dpeg_arrival_houses_and_road, layout_basic, basic_ecumenical_altar
D:2:      layout_basic
D:3:      layout_basic, uniq_natasha, uniq_terence
D:4:      layout_rooms, mainiacjoe_overflow_surrounded_room,
          minmay_temple_entry_poolview, serial_shops, nicolae_lakefront_shop,
          nicolae_diamond_shop
D:5:      layout_rooms, portal_sewer_entry_d, chequers_serial_rivers_room_a
D:6:      layout_cave_pools, mainiacjoe_overflow_cross_hatched, uniq_edmund
D:7:      layout_basic, lemuel_tele_altar, nicolae_overflow_hidden_temple,
          amcnicky_altar_gilded, nicolae_qazlal_eye_of_the_storm,
          lemuel_another_geyser
D:8:      layout_layer_cave, lair_entry_dummy, uniq_maurice, uniq_maggie
D:9:      minmay_quarter_circles, layout_basic
D:10:     hellmonk_paralyzer, layout_cave_pools, uniq_nergalle, uniq_fannar,
          uniq_harold
D:11:     layout_roguey [special_room_orc], minmay_orc_entry_temple_large,
          chequers_avenue, uniq_erolcha
D:12:     layout_irregular_city, serial_shops, nicolae_lakefront_shop
D:13:     layout_basic, serial_bayou, serial_bayou_lagoon_a,
          serial_bayou_pond_e, serial_bayou_pond_e, serial_bayou_crossing
D:14:     layout_cave_pools, grunt_vaults_entry_fortified,
          gauntlet_entry_generic, serial_shops, nicolae_shop_stone, uniq_agnes
D:15:     grunt_enter_depths_magical_seal, layout_irregular_city,
          vehumet_crystals, minmay_misc_feat_more_columns
Temple:   minmay_temple_bridge_d
Lair:1:   layout_concentric_octagons, gammafunk_ghost_split
Lair:2:   layout_big_grid, nicolae_swamp_entry_splash_gauntlet,
          minmay_snake_entry_guardpost_small, beast_lair_carwin_4
Lair:3:   layout_chaotic_city, nicolae_volcano_entry_lava_flow,
          gammafunk_ghost_hydra_chop, st_stairs_13, uniq_amaemon
Lair:4:   layout_loops_ring, nzn_random_ring, grunt_megastairs_4, uniq_rupert
Lair:5:   layout_cave_pods, grunt_megastairs_3
Lair:6:   hangedman_lair_caniforms_friends, layout_misc_corridors,
          slime_entry_1, ldierk_geyser
Swamp:1:  layout_falls_marsh, nicolae_swamp_ascending_descending_big
Swamp:2:  layout_basic_swamp, evilmike_swamp_ruin_house_1,
          infiniplex_staircase_pool
Swamp:3:  layout_basic_swamp, hangedman_swamp_ruin_hall, uniq_louise
Swamp:4:  swamp_old_school, layout_basic_swamp, swamp_pool4,
          nicolae_swamp_stuck_in_the_mud
Snake:1:  layout_misc_corridors, grunt_ministairs_7, minmay_shoptagon
Snake:2:  layout_cave_shapes, nicolae_large_snake_swirl, nicolae_triple_integral
Snake:3:  gammafunk_its_a_trap, layout_onion_interference, serial_shops,
          nicolae_shop_trees, nicolae_snake_salamander_zone
Snake:4:  snake_hunt, layout_chambers, grunt_megastairs_1
Slime:1:  layout_caves, cheibrodos_slime_lost_civilization_5
Slime:2:  cheibrodos_slime_lost_civilization_2, layout_caves
Slime:3:  layout_caves, amcnicky_altar_lugonu_corruption
Slime:4:  layout_caves
Slime:5
Orc:1:    layout_caves, serial_shops, nicolae_shop_hallway_plus
Orc:2:    st_orc_open, layout_caves, uniq_donald, uniq_snorg, uniq_jorgrun
Elf:1:    eino_elf_arrival_shootout, layout_gridlike, basic_altar,
          minmay_elf_demonology, minmay_strange_pillars, minmay_shop_star
Elf:2:    nicolae_elf_blades_splatter_lattice [nicolae_blade_entry_antechamber],
          layout_geoelf_octagon, portal_desolation_entry_twin_temple,
          basic_altar, laboratory
Elf:3:    elf_hall_gauntlet_narrow, layout_rooms
Vaults:1: v_misc_15, vaults_room_octagon, vaults_mumra_chevron, v_misc_24,
          vaults_room_fours, v_misc_24, vaults_room_mumra_shop_pool, v_misc_5,
          ontoclasm_vaults_ring_square, vaults_mumra_lcd,
          nicolae_vaults_yaktaur_gun_rack, vaults_dpeg_hooks, vaults_dpeg_ring,
          hangedman_vaults_trim, vaults_room_semicircle, layout_vaults_ring,
          serial_shops, shop, nicolae_shop_behind_doors, uniq_aizul
Vaults:2: ontoclasm_vaults_shuriken, grunt_vaults_twisty,
          ontoclasm_vaults_twist, v_misc_27, grunt_vaults_trifunnel,
          nicolae_vaults_triangles, v_misc_13, vaults_room_grid,
          nicolae_vaults_ninety_degrees, ontoclasm_vaults_fault,
          ontoclasm_vaults_ligature, layout_vaults_maze_snakey
Vaults:3: nicolae_vaults_border_crossing, minmay_crypt_entry_simple_corners,
          v_misc_12, nicolae_vaults_network_s, grunt_vaults_hallway_short,
          st_smaller_cells, hangedman_vaults_cutoff, layout_vaults_omnigrid,
          uniq_xtahua
Depths:1: hourglass_vault, layout_cave_pools, hell_entry,
          serial_sigils_hangedman_writhe, lemuel_flame_loot_1,
          serial_bayou_shore_a, uniq_saint_roka
Depths:2: nicolae_whirlpool, layout_cave_pools, nemelex_diamond_rough_becter,
          hell_entry, grunt_pan_entry_sceptre, uniq_enchantress
Depths:3: evilmike_silver_temple, layout_basic, rand_demon_pan_entry_5,
          abyss_entry, hell_entry, hangedman_decor_slide_cut, uniq_margery
Depths:4: grunt_zot_entry_alcove, layout_basic, enter_ziggurat_e,
          gammafunk_ghost_split, pf_coc_iceberg, serial_bayou_shore_b
Zot:1:    lemuel_acid_trip, layout_concentric_octagons, grunt_ministairs_13,
          uniq_grunn
Zot:2:    layout_gridlike
Zot:3:    grunt_zot_stairs_faceoff, layout_twisted_circle,
          ebering_ghost_reflecting_pool, lemuel_elevator
Zot:4:    layout_onion_interference
Zot:5:    layout_gridlike, grunt_ministairs_5, st_stairs_10, lemuel_golem_globe

Skill      XL: |  1  2  3  4  5  6  7  8  9 10 11 12 13 14 15 16 17 18 19 20 21 22 23 24 25 26 27 |
---------------+----------------------------------------------------------------------------------+-----
Short Blades   | 3 4 5 6 7 9 11 12 13 17 20 21 22 23 24 25 26 | 26.9
Dodging        | 6 11 12 14 15 16 19 20 23 25 | 25.0
Fighting       | 9 12 15 18 19 20 21 23 25 26 | 26.6
Evocations     | 4 9 10 | 10.0
Stealth        | 8 13 15 17 19 20 | 20.2
Necromancy     | 2 3 |  3.4
Shields        | 3 6 9 10 11 12 14 15 16 | 16.6
Long Blades    | 1 |  1.0
Throwing       | |  2.1

Action                   |  1- 3 |  4- 6 |  7- 9 | 10-12 | 13-15 | 16-18 | 19-21 | 22-24 | 25-27 || total
-------------------------+-------+-------+-------+-------+-------+-------+-------+-------+-------++-------
Melee: Dagger            |    48 |   121 |   208 |   452 |  1389 |  2030 |  1906 |  1355 |       ||  7509
       Punch             |       |       |     1 |     8 |     7 |       |       |       |       ||    16
       Scimitar          |       |       |       |       |       |    34 |     8 |       |       ||    42
       Quick blade       |       |       |       |       |       |       |       |  2077 |  2674 ||  4751
Throw: Dart              |       |     4 |     2 |     2 |     2 |     6 |       |     2 |       ||    18
       Throwing net      |       |       |       |     6 |       |       |       |       |       ||     6
Invok: Lunge             |       |     6 |    37 |    40 |    66 |   190 |   171 |   148 |   147 ||   805
       Whirlwind         |       |       |     6 |    96 |   466 |   862 |   719 |   954 |   815 ||  3918
       Serpent's Lash    |       |       |       |     3 |     3 |     9 |    20 |    10 |    15 ||    60
       Heavenly Storm    |       |       |       |       |       |     3 |     2 |     4 |     3 ||    12
 Abil: Wall Jump         |       |       |     3 |     9 |    30 |    30 |    27 |    17 |     7 ||   123
       Evoke Invisibilit |       |       |       |       |     1 |       |       |       |       ||     1
Evoke: Wand              |       |       |       |       |     8 |     4 |     2 |     2 |    10 ||    26
       Box of beasts     |       |       |       |       |       |       |       |     1 |     1 ||     2
       Condenser vane    |       |       |       |       |       |       |       |     1 |       ||     1
       Phial of floods   |       |       |       |       |       |       |       |       |     1 ||     1
  Use: Scroll            |       |    14 |     3 |     6 |    16 |     7 |     1 |    23 |    11 ||    81
       Potion            |       |       |       |     5 |     3 |     4 |     1 |    10 |    15 ||    38
 Stab: Sleeping          |    23 |    30 |    35 |    49 |    81 |    93 |   154 |    75 |    63 ||   603
       Distracted        |       |       |     5 |     8 |     8 |    20 |    12 |    23 |    17 ||    93
       Held in net/web   |       |       |       |     3 |       |       |       |       |       ||     3
       Invisible         |       |       |       |     8 |     2 |       |       |       |       ||    10
       Paralysed         |       |       |       |       |     1 |     1 |       |       |       ||     2
       Petrified         |       |       |       |       |       |     2 |       |       |       ||     2
       Petrifying        |       |       |       |       |       |     1 |       |       |       ||     1
       Fleeing           |       |       |       |       |       |       |       |     3 |       ||     3
Armor: Robe              |     2 |       |       |       |       |       |       |       |       ||     2
       Leather armour    |       |    13 |       |       |       |       |       |       |       ||    13
       Ring mail         |       |     2 |    16 |    15 |       |       |       |       |    83 ||   116
       Troll leather arm |       |       |       |    19 |    68 |    61 |    60 |   104 |    14 ||   326
Dodge: Dodged            |    16 |    38 |    45 |   312 |   717 |  1053 |   838 |  1334 |  1145 ||  5498
Block: Buckler           |       |       |       |       |   167 |   575 |   489 |   139 |       ||  1370
       Kite shield       |       |       |       |       |       |       |       |  1870 |  1048 ||  2918
       Reflection        |       |       |       |       |       |       |       |    15 |     9 ||    24

Table legend: (Time is in decaauts)
 A = Elapsed time spent in this place.
 B = Non-inter-level travel time spent in this place.
 C = Inter-level travel time spent in this place.
 D = Time resting spent in this place.
 E = Time spent auto-exploring this place.
 F = Levels seen in this place.
 G = Mean time per level.
                   A        B        C        D        E       F      G
               +--------+--------+--------+--------+--------+-----+--------+
         Total |  56951 |  50198 |   6753 |   3292 |  33022 |  55 | 1035.5 |
       Dungeon |  17665 |  13986 |   3679 |    522 |  10873 |  15 | 1177.7 |
        Temple |    393 |    250 |    143 |      0 |    239 |   1 |  393.0 |
          Lair |   6023 |   5310 |    713 |      0 |   4218 |   6 | 1003.8 |
         Swamp |   2933 |   2826 |    107 |     46 |   1914 |   4 |  733.2 |
     Snake Pit |   4264 |   3775 |    489 |     60 |   2531 |   4 | 1066.0 |
    Slime Pits |   3166 |   2959 |    207 |    277 |   1671 |   5 |  633.2 |
  Orcish Mines |   1788 |   1419 |    369 |     49 |    872 |   2 |  894.0 |
   Elven Halls |   3548 |   3397 |    151 |    345 |   2148 |   3 | 1182.7 |
        Vaults |   4103 |   3612 |    491 |     20 |   2552 |   3 | 1367.7 |
        Depths |   6156 |   5876 |    280 |    929 |   2922 |   4 | 1539.0 |
           Zot |   4855 |   4733 |    122 |    924 |   1913 |   5 |  971.0 |
         Sewer |    904 |    904 |      0 |      0 |    695 |   1 |  904.0 |
       Volcano |    412 |    412 |      0 |      5 |    216 |   1 |  412.0 |
      Gauntlet |    735 |    735 |      0 |    115 |    256 |   1 |  735.0 |
               +--------+--------+--------+--------+--------+-----+--------+

Top non-repeatable levels by time:
   Zot:1: 1921 daAuts
Depths:1: 1748 daAuts
Depths:3: 1677 daAuts
Depths:4: 1581 daAuts
    D:11: 1559 daAuts
    D:12: 1558 daAuts
   Elf:3: 1493 daAuts
     D:9: 1483 daAuts
Vaults:3: 1475 daAuts
     D:3: 1466 daAuts
    D:13: 1462 daAuts
     D:8: 1454 daAuts
Vaults:1: 1389 daAuts
 Snake:2: 1357 daAuts
   Zot:3: 1297 daAuts
